 Dungeon Crawl Stone Soup version 0.29-a0-330-g52719c12eb (webtiles) character file.

Game seed: 12956848685926992964

70 kae the Firebug (level 3, -3/28 HPs)
             Began as a Demigod Fire Elementalist on May 30, 2022.
             Killed from afar by Natasha (10 damage)
             ... with a magic dart
             ... on level 2 of the Dungeon.
             The game lasted 00:01:18 (2630 turns).

kae the Firebug (Demigod Fire Elementalist)         Turns: 2630, Time: 00:01:18

Health: -3/28      AC:  2    Str:  9    XL:     3   Next: 77%
Magic:  3/8        EV: 12    Int: 21    God:
Gold:   138        SH:  0    Dex: 14    Spells: 3/6 levels left

rFire   . . .      SeeInvis .   c - +1 hand axe
rCold   . . .      Faith    .   (no shield)
rNeg    . . .      Spirit   .   a - +0 robe
rPois   .          Reflect  .   (no helmet)
rElec   .          Harm     .   (no cloak)
rCorr   .          Rampage  .   (no gloves)
Will    .....                   (no boots)
Stlth   ++........              (no amulet)
HPRegen 0.09/turn               (no ring)
MPRegen 0.11/turn               (no ring)

@: slowed, very slow
A: high MP 1, forlorn, divine attributes
a: no special abilities


You were on level 2 of the Dungeon.
You visited 1 branch of the dungeon, and saw 2 of its levels.

You collected 138 gold pieces.

Inventory:

Hand Weapons
 c - a +1 hand axe (weapon)
Armour
 a - a +0 robe (worn)
Scrolls
 e - 2 scrolls of noise
 g - a scroll of enchant weapon
 i - 2 scrolls of immolation
Potions
 b - a potion of magic
 d - a potion of flight {unknown}
 f - 2 potions of curing
 h - a potion of heal wounds


   Skills:
 + Level 1.1 Fighting
 - Level 1.7 Dodging
 - Level 1.7 Stealth
 + Level 2.1 Spellcasting
 * Level 2.1 Conjurations
 * Level 3.4 Fire Magic


You had 3 spell levels left.
You knew the following spells:

 Your Spells              Type           Power      Damage    Failure   Level
a - Foxfire               Conj/Fire      52%        2x1d6     4%          1
b - Scorch                Fire           32%        2d6       5%          2

Your spell library contained the following spells:

 Spells                   Type           Power      Damage    Failure   Level
 Beastly Appendage        Tmut           4%         N/A       14%         1
 Conjure Flame            Conj/Fire      13%        6-21      14%         3
 Corpse Rot               Necr/Air       4%         N/A       22%         2
 Poisonous Vapours        Pois/Air       4%         N/A       22%         2
 Wereblood                Tmut           2%         N/A       22%         2
 Inner Flame              Hex/Fire       9%         N/A       22%         3
 Spider Form              Tmut/Pois      2%         N/A       41%         3
 Summon Guardian Golem    Hex/Summ       2%         N/A       41%         3
 Flame Wave               Conj/Fire      13%        2d6       43%         4
 Cause Fear               Hex            1%         N/A       82%         4
 Orb of Destruction       Conj           5%         9d5       100%        7
 Spellforged Servitor     Conj/Summ      3%         N/A       100%        7
 Discord                  Hex            1%         N/A       100%        8


Dungeon Overview and Level Annotations

Branches:
Dungeon (2/15)

Annotations:
D:2 Natasha


Innate Abilities, Weirdness & Mutations

You have an increased reservoir of magic. (+10% MP)
You shall have no god before yourself.
Your divine heritage dramatically boosts your attributes as you level up.


Message History

Casting: Foxfire (safe; 4% risk of failure)
Confirm with . or Enter, or press ? or * to list all spells.
You conjure some foxfire!
Natasha claws you.
Natasha stares at you and mumbles some strange words.
The magic dart hits you.
The foxfire hits Natasha.
Natasha is moderately wounded.
The foxfire hits Natasha.
Natasha is heavily wounded.
Natasha closely misses you.
Casting: Foxfire (safe; 4% risk of failure)
Confirm with . or Enter, or press ? or * to list all spells.
You conjure some foxfire!
Natasha mumbles some strange words.
Natasha shimmers violently.
Natasha stares at you and mumbles some strange words.
You feel as though you will be slow longer.
Natasha barely misses you.
The foxfire hits Natasha.
Natasha is heavily wounded.
The foxfire hits Natasha.
Natasha is severely wounded.
Natasha casts a spell.
Casting: Foxfire (safe; 4% risk of failure)
Confirm with . or Enter, or press ? or * to list all spells.
You conjure some foxfire!
Natasha mumbles some strange words.
Natasha barely misses you.
The foxfire hits Natasha.
Natasha is severely wounded.
The foxfire hits the crimson imp but does no damage.
The crimson imp hits you.
The crimson imp blinks!
Natasha claws you!
* * * LOW HITPOINT WARNING * * *
The crimson imp completely misses you.
Casting: Foxfire (safe; 4% risk of failure)
Confirm with . or Enter, or press ? or * to list all spells.
You conjure some foxfire!
Natasha stares at you and mumbles some strange words.
The magic dart hits you!
You die...

## ## .. ##### .. .## #...##
# ##. ..# ##.#..### .### ..
#.# ##..##.##. .#.>...#.# #.#
#.........
........v####.###...####). .
###? ..##[ยง@v......<### #.#
#.##... #....5h#.......# ##..
...#)##.....######...#####..#
....##.#...## ##.#....#..##
#..##..#...# #....##.#.#..
#..###...#.###.##..).....#
#..5h.......##.##..###.###
#..####.....#..##..###..##
##.# ##...>#.#.....###.^.


You could see Natasha (ally target) and a crimson imp (summoned, ally target).

Vanquished Creatures
  Natasha (D:2)
  2 dart slugs
  3 ball pythons (D:1)
  3 endoplasms
  A giant cockroach (D:1)
  7 goblins
  2 hobgoblins
  4 jackals (D:1)
  A quokka (D:2)
  4 bats
  5 frilled lizards
  3 kobolds (D:2)
  5 rats
41 creatures vanquished.

Vanquished Creatures (others)
  120 foxfires
  A fungus (D:2)
  3 plants (D:2)
124 creatures vanquished.

Grand Total: 165 creatures vanquished

Notes
Turn   | Place    | Note
-------+----------+-------------------------------------------
     0 | D:1      | kae the Demigod Fire Elementalist began the quest for the
                  | Orb.
     0 | D:1      | Reached XP level 1. HP: 14/14 MP: 5/5
   134 | D:1      | Reached skill level 1 in Conjurations
   610 | D:1      | Reached XP level 2. HP: 22/22 MP: 5/7
   613 | D:1      | Learned a level 2 spell: Scorch
   769 | D:1      | Reached skill level 3 in Fire Magic
  2083 | D:2      | Reached XP level 3. HP: 27/27 MP: 4/8
  2135 | D:2      | Noticed Natasha
  2595 | D:2      | Killed Natasha
  2596 | D:2      | Reached skill level 1 in Fighting
  2619 | D:2      | Noticed Natasha
  2630 | D:2      | Killed from afar by Natasha

Illustrated notes

Levels and vault maps discovered:
D:1:      dpeg_arrival_castle, layout_loops_corners
D:2:      layout_rooms, dreamdust_ecumenical_altar_grove, minmay_tromino_mix6,
          uniq_natasha, uniq_crazy_yiuf_cottage

Skill      XL: |  1  2  3 |
---------------+----------+-----
Conjurations   | 1 2 |  2.1
Fire Magic     | 3 |  3.4
Spellcasting   | 2 |  2.1
Fighting       | 1 |  1.1
Dodging        | |  1.7
Stealth        | |  1.7

Action                   || total
-------------------------++-------
 Cast: Foxfire           ||    73
       Scorch            ||    11
  Use: Scroll            ||     8
Armor: Robe              ||    12
Dodge: Dodged            ||    38

Table legend: (Time is in decaauts)
 A = Elapsed time spent in this place.
 B = Non-inter-level travel time spent in this place.
 C = Inter-level travel time spent in this place.
 D = Time resting spent in this place.
 E = Time spent auto-exploring this place.
 F = Levels seen in this place.
 G = Mean time per level.
                   A        B        C        D        E       F      G
               +--------+--------+--------+--------+--------+-----+--------+
         Total |   2640 |   2625 |     15 |    357 |   1939 |   2 | 1320.0 |
       Dungeon |   2640 |   2625 |     15 |    357 |   1939 |   2 | 1320.0 |
               +--------+--------+--------+--------+--------+-----+--------+

Top non-repeatable levels by time:
     D:1: 1881 daAuts
     D:2: 758 daAuts
